 Dungeon Crawl Stone Soup version 0.30-a0-250-g41c1d76940 (webtiles) character file.

Game seed: 14951256043357433596

482 koil the Sneak (level 6, 0/30 HPs)
             Began as a Spriggan Enchanter on Oct 13, 2022.
             Succumbed to a scorpion's poison
             ... on level 5 of the Dungeon.
             The game lasted 00:12:41 (3859 turns).

koil the Sneak (Spriggan Enchanter)                 Turns: 3859, Time: 00:12:42

Health: 0/30       AC:  2    Str:  4    XL:     6   Next: 87%
Magic:  3/13       EV: 19    Int: 17    God:
Gold:   291        SH:  0    Dex: 17    Spells: 8/13 levels left

rFire   . . .      SeeInvis +    a - +1 dagger
rCold   . . .      Faith    .    (no shield)
rNeg    . . .      Spirit   .    b - +0 robe
rPois   .          Reflect  .    (helmet restricted)
rElec   .          Harm     .    (no cloak)
rCorr   .          Rampage  .    (gloves unavailable)
Will    +....                    (boots unavailable)
Stlth   +++.......               (no amulet)
HPRegen 0.25/turn                (no ring)
MPRegen 0.13/turn                (no ring)

@: lethally poisoned (0 -> -6), very slightly contaminated, invisible, very
quick
A: very small, no large weapons, unfitting armour, see invisible, speed 3
a: no special abilities


You were on level 5 of the Dungeon.
You visited 1 branch of the dungeon, and saw 5 of its levels.

You collected 291 gold pieces.

Inventory:

Hand Weapons
 a - a +1 dagger (weapon)
Missiles
 r - 11 poisoned darts (quivered)
Armour
 b - a +0 robe (worn)
Magical Staves
 u - a staff of death
Jewellery
 h - a ring of ice
Scrolls
 e - 6 scrolls of identify {unknown}
 f - 2 scrolls of teleportation {unknown}
 g - 3 scrolls of vulnerability {unknown}
 k - 2 scrolls of poison {unknown}
 n - 3 scrolls of noise {unknown}
 p - a scroll of enchant weapon {unknown}
 s - a scroll of summoning {unknown}
Potions
 c - a potion of invisibility
 d - a potion of berserk rage {unknown}
 i - a potion of attraction {unknown}
 j - a potion of cancellation {unknown}
 l - a potion of heal wounds {unknown}
 m - a potion of flight {unknown}
 o - a potion of lignification {unknown}
 q - a potion of curing {unknown}
 t - a potion of resistance {unknown}
 v - a potion of degeneration {unknown}
 w - 2 potions of brilliance {unknown}


   Skills:
 + Level 2.0 Fighting
 * Level 4.2 Short Blades
 + Level 4.4 Dodging
 + Level 6.0 Stealth
 + Level 4.1 Spellcasting
 + Level 4.8 Hexes


You had 8 spell levels left.
You knew the following spells:

 Your Spells              Type           Power      Damage    Failure   Level
a - Ensorcelled Hibernat  Hex/Ice        22%        N/A       9%          2
b - Confusing Touch       Hex            20%        N/A       6%          3

Your spell library contained the following spells:

 Spells                   Type           Power      Damage    Failure   Level
 Tukima's Dance           Hex            20%        N/A       6%          3
 Dazzling Flash           Conj/Hex       22%        N/A       17%         3
 Passwall                 Tmut/Erth      2%         N/A       24%         2
 Frozen Ramparts          Ice            6%         1d1       43%         3
 Swiftness                Air            3%         N/A       43%         3
 Ice Form                 Ice/Tmut       3%         N/A       83%         4
 Summon Ice Beast         Ice/Summ       3%         N/A       83%         4
 Chain Lightning          Conj/Air       1%         3d2       100%        9
 Fire Storm               Conj/Fire      1%         8d1       100%        9
 Shatter                  Erth           1%         3d6*      100%        9


Dungeon Overview and Level Annotations

Branches:
Dungeon (5/15)
 Temple: D:4-7

Altars:
Elyvilon
Gozag
Okawaru
Qazlal
Sif Muna
Trog
Wu Jian

Shops:
D:3 (


Innate Abilities, Weirdness & Mutations

You are very small and have problems with some larger weapons.
You are too small for most types of armour.
You have supernaturally acute eyesight. (SInv)
You cover ground extremely quickly. (Speed+++)


Message History

You closely miss the scorpion.
The scorpion is lightly wounded.
The scorpion barely misses you.
You closely miss the scorpion.
The scorpion is lightly wounded.
The scorpion closely misses you.
You closely miss the scorpion.
The scorpion is lightly wounded.
The scorpion stings you.
You hit the scorpion but do no damage.
The scorpion is lightly wounded.
The scorpion stings you.
You are poisoned.
The scorpion poisons you!
You hit the scorpion but do no damage.
The scorpion is lightly wounded.
You feel very sick. The scorpion stings you.
You are lethally poisoned!
The scorpion poisons you!
You barely miss the scorpion.
The scorpion is lightly wounded.
You feel very sick.
An orc comes into view. It is wielding a +0 flail.
The scorpion barely misses you.
You hit the scorpion.
The scorpion is moderately wounded.
* * * LOW HITPOINT WARNING * * *
You feel very sick.
The scorpion stings you but does no damage.
* * * LOW HITPOINT WARNING * * *
You feel sick.
You fade into invisibility!
* * * LOW HITPOINT WARNING * * *
You feel very sick.
* * * LOW HITPOINT WARNING * * *
You feel sick.
* * * LOW HITPOINT WARNING * * *
You feel sick.
You die...

#.##........ .......<
#.#...##............####
#..............$.# #
#.#...###..... ..# #. #.##o##
... #.# #.. #.##l# #.# #.#
.##..##.##.# #[# #.#
...........#######.# #.####
...........s.@.....###....####
####.##.##########............
#. #.# #..#####.#### # #.#
#..# #.# # #.....# #..# #.# #
####.... ...# #.# # ##.###
###.# #.# # .# #.# #.# # .#
#.# #.# #


You could see a scorpion (unable to see you).

Vanquished Creatures
  A black bear (D:5)
  A phantom (D:4)
  2 hounds (D:5)
  Natasha (thrice) (D:2)
  Terence (D:2)
  8 adders
  A white imp (D:5)
  A dart slug (D:5)
  5 orcs (D:4)
  2 ball pythons
  6 endoplasms
  A giant cockroach (D:3)
  5 hobgoblins
  4 jackals (D:3)
  3 quokkas
  6 bats
  10 goblins
  10 kobolds
  11 rats
81 creatures vanquished.

Notes
Turn   | Place    | Note
-------+----------+-------------------------------------------
     0 | D:1      | koil the Spriggan Enchanter began the quest for the Orb.
     0 | D:1      | Reached XP level 1. HP: 9/9 MP: 5/5
   198 | D:1      | Reached XP level 2. HP: 13/13 MP: 6/6
   201 | D:1      | Learned a level 2 spell: Ensorcelled Hibernation
  1144 | D:2      | Reached XP level 3. HP: 17/17 MP: 6/8
  1404 | D:2      | Noticed Terence
  1447 | D:2      | Learned a level 3 spell: Confusing Touch
  1461 | D:2      | Killed Terence
  1462 | D:2      | Reached XP level 4. HP: 18/21 MP: 3/9
  1535 | D:2      | Reached skill level 5 in Stealth
  1594 | D:2      | Noticed Natasha
  1599 | D:2      | Killed Natasha
  1604 | D:2      | Reached skill level 1 in Fighting
  1686 | D:2      | Noticed Natasha
  1704 | D:2      | Killed Natasha
  1821 | D:2      | Noticed Natasha
  1828 | D:2      | Killed Natasha
  1829 | D:2      | Reached XP level 5. HP: 25/25 MP: 6/11
  2253 | D:3      | Found Reneec's Weapon Emporium.
  2515 | D:3      | Found a white marble altar of Elyvilon.
  2884 | D:3      | Found an opulent altar of Gozag.
  2884 | D:3      | Found a bloodstained altar of Trog.
  2901 | D:3      | Found a shimmering blue altar of Sif Muna.
  2903 | D:3      | Found a stormy altar of Qazlal.
  2904 | D:3      | Found an iron altar of Okawaru.
  3061 | D:4      | Noticed a phantom
  3086 | D:4      | Killed a phantom
  3087 | D:4      | Reached XP level 6. HP: 22/30 MP: 9/12
  3405 | D:4      | Found an ornate altar of the Wu Jian Council.
  3712 | D:5      | Entered Level 5 of the Dungeon
  3812 | D:5      | Reached skill level 6 in Stealth
  3858 | D:5      | HP: 1/30 [poisoned by a scorpion]
  3859 | D:5      | Succumbed to a scorpion's poison

Illustrated notes

Levels and vault maps discovered:
D:1:      wander_arrival_lonely_grave, layout_basic, minmay_rat_gold_closets
D:2:      layout_loops_cross, uniq_terence, uniq_natasha
D:3:      layout_loops_corners, mainiacjoe_overflow_concentric_impassable,
          chequers_temple_overflow_minitemple, serial_shops,
          nicolae_shop_crystal
D:4:      layout_basic, nicolae_wu_jian_wuxing_cycle
D:5:      layout_loops_ring, serial_shops, shop, uniq_pikel, uniq_blork_the_orc

Skill      XL: |  1  2  3  4  5  6 |
---------------+-------------------+-----
Dodging        | 3 4 |  4.4
Short Blades   | 2 3 4 |  4.2
Spellcasting   | 3 4 |  4.1
Hexes          | 4 |  4.8
Stealth        | 5 6 |  6.0
Fighting       | 1 2 |  2.0

Action                   |  1- 3 |  4- 6 || total
-------------------------+-------+-------++-------
Melee: Dagger            |   106 |   155 ||   261
       Punch             |     1 |     1 ||     2
 Cast: Ensorcelled Hiber |     7 |    14 ||    21
       Confusing Touch   |     1 |     2 ||     3
  Use: Potion            |       |     1 ||     1
 Stab: Sleeping          |    16 |    20 ||    36
       Confused          |     1 |     3 ||     4
Armor: Robe              |    11 |     5 ||    16
Dodge: Dodged            |    79 |    89 ||   168

Table legend: (Time is in decaauts)
 A = Elapsed time spent in this place.
 B = Non-inter-level travel time spent in this place.
 C = Inter-level travel time spent in this place.
 D = Time resting spent in this place.
 E = Time spent auto-exploring this place.
 F = Levels seen in this place.
 G = Mean time per level.
                   A        B        C        D        E       F      G
               +--------+--------+--------+--------+--------+-----+--------+
         Total |   2718 |   2670 |     48 |    158 |   1896 |   5 |  543.6 |
       Dungeon |   2718 |   2670 |     48 |    158 |   1896 |   5 |  543.6 |
               +--------+--------+--------+--------+--------+-----+--------+

Top non-repeatable levels by time:
     D:2: 785 daAuts
     D:3: 707 daAuts
     D:1: 615 daAuts
     D:4: 494 daAuts
     D:5: 115 daAuts
